 Dungeon Crawl Stone Soup version 0.22-a0-525-gf69a080 (webtiles) character file.

58 royokou the Charmwright (level 4, -1/38 HPs)
             Began as a Gnoll Skald on June 20, 2018.
             Slain by an iguana (11 damage)
             ... on level 2 of the Dungeon.
             The game lasted 00:13:54 (1559 turns).

royokou the Charmwright (Gnoll Skald)               Turns: 1559, Time: 00:13:55

Health: -1/38      AC:  8    Str: 14    XL:     4   Next: 1%
Magic:  11/11      EV:  8    Int: 15    God:
Gold:   96         SH:  0    Dex: 15    Spells: 12/13 levels left

rFire    . . .     SeeInvis .   a - +0 falchion
rCold    . . .     Gourm    .   (no shield)
rNeg     . . .     Faith    .   c - +0 chain mail
rPois    .         Spirit   .   (no helmet)
rElec    .         Reflect  .   (no cloak)
rCorr    .         Harm     .   (no gloves)
MR       .....                  (no boots)
Stlth    ..........             (no amulet)
HPRegen  0.12/turn              (no ring)
MPRegen  0.12/turn              (no ring)

@: no status effects
A: distributed training, fangs 1, strong nose
a: no special abilities


You were on level 2 of the Dungeon.
You were not hungry.

You visited 1 branch of the dungeon, and saw 2 of its levels.

You collected 96 gold pieces.

Inventory:

Hand Weapons
 a - a +0 falchion (weapon)
 h - a +0 club
 n - a +0 whip
 p - a +0 hand axe
 r - a +0 short sword
Missiles
 l - 13 sling bullets
 s - 3 javelins (quivered)
Armour
 b - a +0 leather armour
 c - a +0 chain mail (worn)
 m - a cursed +0 leather armour
 z - a +0 chain mail
Jewellery
 u - an uncursed ring of wizardry {unknown}
 w - an uncursed ring of resist corrosion {unknown}
Scrolls
 f - 3 scrolls of identify {unknown}
 g - 2 scrolls of fear {unknown}
 i - a scroll of random uselessness {unknown}
 j - 4 scrolls of remove curse {unknown}
 o - 2 scrolls of amnesia {unknown}
 t - a scroll of teleportation {unknown}
 v - a scroll of enchant weapon {unknown}
 y - a scroll of blinking {unknown}
Potions
 e - a potion of mutation {unknown}
 k - 2 potions of curing {unknown}
 q - a potion of brilliance {unknown}
Comestibles
 d - 3 rations
 x - 2 chunks of flesh


   Skills:
 + Level 4.6 Fighting
 + Level 1.0 Short Blades
 + Level 4.6 Long Blades
 + Level 1.0 Axes
 + Level 1.0 Maces & Flails
 + Level 1.0 Polearms
 + Level 1.0 Staves
 + Level 1.0 Slings
 + Level 1.0 Bows
 + Level 1.0 Crossbows
 + Level 1.0 Throwing
 + Level 2.6 Armour
 + Level 4.6 Dodging
 + Level 1.0 Stealth
 + Level 1.0 Shields
 + Level 1.0 Unarmed Combat
 + Level 5.0 Spellcasting
 + Level 0.7 Conjurations
 + Level 0.7 Hexes
 + Level 5.4 Charms
 + Level 0.7 Summonings
 + Level 0.7 Necromancy
 + Level 0.7 Translocations
 + Level 0.7 Transmutations
 + Level 0.7 Fire Magic
 + Level 0.7 Ice Magic
 + Level 0.7 Air Magic
 + Level 0.7 Earth Magic
 + Level 0.7 Poison Magic
 + Level 1.0 Invocations
 + Level 1.0 Evocations


You had 12 spell levels left.
You knew the following spells:

 Your Spells              Type           Power        Failure   Level  Hunger
a - Infusion              Chrm           ###.         41%         1    None

Your spell library contained the following spells:

 Spells                   Type           Power        Failure   Level  Hunger
 Regeneration             Chrm/Necr      ##........   98%         3    ###....
 Shroud of Golubria       Chrm/Tloc      ##........   86%         2    ##.....
 Song of Slaying          Chrm           ###.....     54%         2    ##.....
 Spectral Weapon          Hex/Chrm       ##......     98%         3    ###....


Dungeon Overview and Level Annotations

Branches:
Dungeon (2/15)

Altars:


Innate Abilities, Weirdness & Mutations

Your experience applies equally to all skills.
You have very sharp teeth.
Your uncanny sense of smell can sniff out nearby items.


Message History

The iguana bites you but does no damage.
You completely miss the iguana.
The iguana is heavily wounded.
The iguana bites you but does no damage.
You hit the iguana but do no damage.
The iguana is heavily wounded.
The iguana bites you!
You hit the iguana but do no damage.
The iguana is heavily wounded.
The iguana bites you.
* * * LOW HITPOINT WARNING * * *
You are too injured to fight recklessly!
You hit the iguana but do no damage.
The iguana is heavily wounded.
The iguana bites you.
* * * LOW HITPOINT WARNING * * *
Your chain mail prevents you from hitting the iguana.
The iguana is heavily wounded.
The iguana bites you!
You die...

#.=......+ ...
#..=.....##..
#...........
#....(.....
#.........# ...
#.........# #.#
#.....)...#.... #.#.#
∆ #..!......#...#
#.#.# #.....%.l@#...#
#.#.# #.........#...#
#.#.# #.........#...#
#.#.#
#########†#...####.#.#
#.#........#.# ∆
#............#
####.......#######
#..............
#..#..#.#######


You could see an iguana.

Vanquished Creatures
  2 adders (D:2)
  2 dart slugs
  6 goblins
  4 hobgoblins (D:1)
  6 jackals (D:1)
  4 kobolds
  4 bats
  3 frilled lizards (D:1)
  2 rats (D:1)
33 creatures vanquished.

Notes
Turn   | Place    | Note
-------+----------+-------------------------------------------
     0 | D:1      | royokou the Gnoll Skald began the quest for the Orb.
     0 | D:1      | Reached XP level 1. HP: 20/20 MP: 6/6
   173 | D:1      | Reached XP level 2. HP: 22/26 MP: 7/7
   501 | D:1      | Reached XP level 3. HP: 31/31 MP: 9/9
   569 | D:1      | Reached skill level 5 in Spellcasting
  1263 | D:2      | Reached skill level 1 in Invocations
  1538 | D:2      | Reached skill level 1 in Short Blades
  1538 | D:2      | Reached skill level 1 in Axes
  1538 | D:2      | Reached skill level 1 in Maces & Flails
  1538 | D:2      | Reached skill level 1 in Polearms
  1538 | D:2      | Reached skill level 1 in Staves
  1538 | D:2      | Reached skill level 1 in Slings
  1538 | D:2      | Reached skill level 1 in Bows
  1538 | D:2      | Reached skill level 1 in Crossbows
  1538 | D:2      | Reached skill level 1 in Throwing
  1538 | D:2      | Reached skill level 1 in Stealth
  1538 | D:2      | Reached skill level 1 in Shields
  1538 | D:2      | Reached skill level 1 in Unarmed Combat
  1538 | D:2      | Reached skill level 1 in Evocations
  1538 | D:2      | Reached XP level 4. HP: 38/38 MP: 11/11
  1559 | D:2      | Slain by an iguana

Vault maps used:
D:1:      ebering_trefoil_twist
D:2:      first_ration, chequers_ecumenical_altar_twisty

Skill      XL: |  1  2  3 |
---------------+----------+-----
Spellcasting   | 5 |  5.0
Invocations    | 1 |  1.0
Short Blades   | 1 |  1.0
Axes           | 1 |  1.0
Maces & Flails | 1 |  1.0
Polearms       | 1 |  1.0
Staves         | 1 |  1.0
Slings         | 1 |  1.0
Bows           | 1 |  1.0
Crossbows      | 1 |  1.0
Throwing       | 1 |  1.0
Stealth        | 1 |  1.0
Shields        | 1 |  1.0
Unarmed Combat | 1 |  1.0
Evocations     | 1 |  1.0
Fighting       | |  4.6
Long Blades    | |  4.6
Armour         | |  2.6
Dodging        | |  4.6
Conjurations   | |  0.7
Hexes          | |  0.7
Charms         | |  5.4
Summonings     | |  0.7
Necromancy     | |  0.7
Translocations | |  0.7
Transmutations | |  0.7
Fire Magic     | |  0.7
Ice Magic      | |  0.7
Air Magic      | |  0.7
Earth Magic    | |  0.7
Poison Magic   | |  0.7

Action                   |  1- 3 |  4- 6 || total
-------------------------+-------+-------++-------
Melee: Falchion          |   124 |    12 ||   136
       Bite              |    10 |     1 ||    11
       Punch             |     1 |       ||     1
  Eat: Chunk             |     2 |       ||     2
Armor: Chain mail        |    73 |     7 ||    80
Dodge: Dodged            |    57 |     3 ||    60
       Rpst.: Falchion   |    17 |     1 ||    18

Table legend:
 A = Spawn XP
 B = Non-spawn XP
 C = Spawn XP percentage of total XP
 D = Spawn monster count
 E = Non-spawn monster count
 F = Spawn count percentage of total count
 G = Total turns spent on level
                    A         B        C        D         E        F      G
               +---------+---------+-------+---------+---------+-------+---------
         Total |       0 |      83 |   0.0 |       0 |      33 |   0.0 |  1559
               +---------+---------+-------+---------+---------+-------+---------
           D:1 |       0 |      44 |   0.0 |       0 |      25 |   0.0 |  1020
           D:2 |       0 |      39 |   0.0 |       0 |       8 |   0.0 |   539
               +---------+---------+-------+---------+---------+-------+---------
